 Dungeon Crawl Stone Soup version 0.24.0-28-g17ded55e90 (webtiles) character file.

Game seed: 6208418267721048691, levelgen mode: deterministic

32022 Iamsoldier the Basher (level 13, -2/119 HPs)
             Began as a Minotaur Fighter on Nov 13, 2019.
             Was a High Priest of Okawaru.
             Slain by a two-headed ogre
             ... wielding a +0 dire flail
              (13 damage)
             ... on level 1 of the Orcish Mines.
             The game lasted 00:51:07 (19512 turns).

Iamsoldier the Basher (Minotaur Fighter)           Turns: 19512, Time: 00:51:07

Health: -2/119     AC: 22    Str: 31    XL:     13   Next: 29%
Magic:  26/26      EV: 14    Int:  7    God:    Okawaru [*****.]
Gold:   471        SH:  7    Dex:  6    Spells: 12/12 levels left

rFire    + . .     SeeInvis +   c - +4 mace "Diedog" {vamp, Dex+3}
rCold    + . .     Gourm    .   A - +0 buckler of the City {MP+9 SInv}
rNeg     . . .     Faith    .   N - +5 scale mail of Hangman {rElec MR+ Int+2 Dex-3}
rPois    .         Spirit   .   (helmet restricted)
rElec    +         Reflect  .   G - +1 cloak
rCorr    .         Harm     .   u - +2 pair of gloves {Str+3}
MR       +....                  z - -1 pair of boots of the Dragon {+Fly rC+ Str+3 Dex-5}
Stlth    +.........             K - amulet of magic regeneration
HPRegen  0.29/turn              q - ring of protection from fire
MPRegen  0.45/turn              m - ring of protection from magic

@: vulnerable, heroism, very slightly contaminated, invisible
A: retaliatory headbutt, horns 2
a: Heroism, Finesse, Renounce Religion, Evoke Flight


You were on level 1 of the Orcish Mines.
You worshipped Okawaru.
Okawaru was extremely pleased with you.
You were not hungry.

You visited 4 branches of the dungeon, and saw 18 of its levels.
You also visited: Ossuary and Ice Cave.

You collected 1133 gold pieces.
You spent 662 gold pieces at shops.

Inventory:

Hand Weapons
 c - the +4 mace "Diedog" (weapon) {vamp, Dex+3}
   (You took it off a centaur on level 7 of the Dungeon)

   It inflicts no extra harm, but heals its wielder when it wounds a living foe.
   It affects your dexterity (+3).
Armour
 u - a +2 pair of gloves of strength (worn)
 z - the -1 pair of boots of the Dragon (worn) {+Fly rC+ Str+3 Dex-5}
   (Okawaru gifted it to you on level 11 of the Dungeon)

   It affects your strength (+3).
   It affects your dexterity (-5).
   It protects you from cold.
   It lets you fly.
 A - the +0 buckler of the City (worn) {MP+9 SInv}
   (You bought it in a shop on level 6 of the Dungeon)

   It affects your magic capacity (+9).
   It lets you see invisible.
 G - a +1 cloak (worn)
 N - the +5 scale mail of Hangman (worn) {rElec MR+ Int+2 Dex-3}
   (Okawaru gifted it to you on level 4 of the Lair of Beasts)

   It affects your intelligence (+2).
   It affects your dexterity (-3).
   It insulates you from electricity.
   It affects your resistance to hostile enchantments.
Jewellery
 m - a ring of protection from magic (right hand)
 q - a ring of protection from fire (left hand)
 K - an amulet of magic regeneration (around neck)
 O - an uncursed ring of positive energy
Wands
 a - a wand of random effects (35)
 e - a wand of clouds (6)
 o - a wand of flame (21)
 E - a wand of iceblast (13)
 H - a wand of polymorph (12)
 J - a wand of digging (5)
 M - a wand of disintegration (14)
Scrolls
 b - a scroll of vulnerability
 h - 10 scrolls of teleportation {unknown}
 n - 4 scrolls of remove curse
 r - 6 scrolls of enchant weapon
 v - 6 scrolls of enchant armour
 w - 2 scrolls of blinking {unknown}
 x - 4 scrolls of magic mapping
 y - 4 scrolls of identify
 B - 4 scrolls of amnesia
 C - a scroll of torment {unknown}
Potions
 g - 4 potions of brilliance
 i - a potion of invisibility
 j - 10 potions of curing {unknown}
 k - a potion of mutation {unknown}
 p - 4 potions of lignification
 t - 5 potions of ambrosia
 D - a potion of haste
 P - a potion of flight
Comestibles
 f - 36 rations


   Skills:
 * Level 12.9(17.9) Fighting
 + Level 13.1(18.1) Maces & Flails
 + Level 10.1(15.1) Armour
 + Level 9.0(14.0) Dodging
 - Level 0.3(5.3) Stealth
 + Level 12.2(17.2) Shields
 + Level 7.1 Invocations
 - Level 3.0 Evocations


You had 12 spell levels left.
You didn't know any spells.
Your spell library contained the following spells:

 Spells                   Type           Power        Failure   Level  Hunger
 Animate Skeleton         Necr           N/A          58%         1    ##.....
 Apportation              Tloc           #.....       58%         1    ##.....
 Confusing Touch          Hex            #.....       58%         1    ##.....
 Shock                    Conj/Air       #...         58%         1    ##.....
 Summon Small Mammal      Summ           #...         58%         1    ##.....
 Swiftness                Chrm/Air       #.......     75%         2    ###....
 Static Discharge         Conj/Air       #.......     92%         3    ####...
 Airstrike                Air            #.........   100%        4    #####..
 Lightning Bolt           Conj/Air       #.........   100%        5    ######.


Dungeon Overview and Level Annotations

Branches:
Dungeon (11/15)            Temple (1/1) D:6            Lair (4/6) D:11
 Shoals (0/4) Lair:2       Spider (0/4) Lair:3          Orc (2/2) D:11
Ossuary (visited)           IceCv (visited)
    Elf: Orc:2

Altars:
Ashenzari
Cheibriados
Dithmenos
Elyvilon
Fedhas
Gozag
Hepliaklqana
Kikubaaqudgha
Makhleb
Nemelex Xobeh
Okawaru
Qazlal
Ru
Sif Muna
Trog
Uskayaw
Vehumet
Wu Jian
Xom
Yredelemnul
Zin
The Shining One

Shops:
D:5 =   D:6 (:[   D:7 [


Innate Abilities, Weirdness & Mutations

You reflexively headbutt those who attack you in melee.
You have a pair of horns on your head.


Message History

* * * LOW HITPOINT WARNING * * *
The two-headed ogre completely misses you.
The two-headed ogre hits you but does no damage.
The two-headed ogre hits you with a +0 giant club!
* * * LOW HITPOINT WARNING * * *
There is a stone staircase leading down, spattered with blood here.
As you read the scroll labeled CEOHYA JAOMM, it crumbles to dust.
Magic quickly surges around you.
It was a scroll of vulnerability.
The two-headed ogre hits you but does no damage.
The two-headed ogre misses you. The two-headed ogre barely misses you.
You block the two-headed ogre's attack.
The two-headed ogre closely misses you. x3
The two-headed ogre hits you with a +0 giant club!
* * * LOW HITPOINT WARNING * * *
You block the two-headed ogre's attack. The two-headed ogre barely misses you.
The orc misses you. You furiously retaliate!
You headbutt the orc!
You kill the orc!
As you read the scroll of fog, it crumbles to dust.
The scroll dissolves into smoke.
The two-headed ogre hits you with a +0 dire flail!
You die...

### # ##
##..##### .. .#
#.....#.#. ...
.##.........
....#...........
...#............
.##....§.....$..
.......O§O.....#
.$.....O@O§...#
.......§OO....#
........§.§.....
#..#............
## ##.....$.....
............
.........>...
............$.


You could see 5 two-headed ogres and an ogre.

Vanquished Creatures
  A stone giant (D:11)
  4 hydras
  Sonja (D:11)
  Pikel (D:7)
  An orb spider (Lair:3)
  2 ugly things
  2 orc sorcerers
  Maurice (D:11)
  A merfolk siren (Lair:2)
  6 elephants (Lair:4)
  11 spiny frogs
  A torpor snail (Lair:3)
  2 komodo dragons
  2 queen bees
  A hornet (D:8)
  13 blink frogs
  10 hippogriffs
  Sigmund (D:5)
  2 wraiths (Ossuary)
  A wyvern (D:8)
  Eustachio (D:5)
  2 basilisks
  12 yaks
  A steam dragon (Lair:3)
  Menkaure (D:4)
  Edmund (D:5)
  4 water moccasins
  10 porcupines
  16 ice beasts
  3 black bears
  6 orc warriors
  A necrophage (D:8)
  3 sky beasts
  3 ogres
  5 centaurs
  6 crocodiles
  2 big kobolds
  11 bullfrogs
  Blork the orc (D:5)
  A wyvern skeleton (D:11)
  6 scorpions
  46 killer bees
  12 wights
  A jelly (D:11)
  4 crimson imps
  2 centaur zombies
  A centaur skeleton (D:7)
  9 orc priests
  2 bullfrog skeletons
  A gnoll shaman (D:4)
  3 hounds
  13 orc wizards
  An iguana (D:6)
  6 worker ants
  A mummy (D:8)
  3 worker ant zombies
  4 gnolls (D:4)
  A howler monkey skeleton (D:11)
  17 adders
  A shadow imp (D:5)
  An adder zombie (Ossuary)
  4 worms
  5 dart slugs
  3 leopard geckos
  62 orcs
  A ball python (D:8)
  11 bats
  5 giant cockroaches
  6 goblins
  9 hobgoblins
  11 jackals
  14 kobolds
  8 quokkas
  A ball python skeleton (Ossuary)
  4 frilled lizards
  A hobgoblin skeleton (Ossuary)
  4 hobgoblin zombies
  2 jackal skeletons
  2 kobold zombies
  A leopard gecko skeleton (D:4)
  A leopard gecko zombie (D:5)
  An orc skeleton (Ossuary)
  2 orc zombies (D:8)
  8 rats
455 creatures vanquished.

Vanquished Creatures (others)
  2 orcs
  A quokka (D:9)
  A kobold (D:9)
  2 fungi (D:11)
6 creatures vanquished.

Grand Total: 461 creatures vanquished

Notes
Turn   | Place    | Note
-------+----------+-------------------------------------------
     0 | D:1      | Iamsoldier the Minotaur Fighter began the quest for the
                  | Orb.
     0 | D:1      | Reached XP level 1. HP: 19/19 MP: 0/0
    51 | D:1      | Reached skill level 3 in Maces & Flails
    57 | D:1      | Reached XP level 2. HP: 3/26 MP: 1/1
   847 | D:1      | Reached skill level 4 in Maces & Flails
   910 | D:1      | Reached XP level 3. HP: 30/31 MP: 2/2
  1190 | D:2      | Noticed an ice beast
  1197 | D:2      | Killed an ice beast
  1197 | D:2      | Reached skill level 5 in Maces & Flails
  1197 | D:2      | Reached skill level 1 in Dodging
  1197 | D:2      | Reached XP level 4. HP: 31/39 MP: 3/3
  1338 | D:2      | Reached XP level 5. HP: 41/45 MP: 4/4
  1368 | D:2      | Reached skill level 6 in Maces & Flails
  2867 | D:3      | Reached skill level 7 in Maces & Flails
  3237 | D:4      | Reached XP level 6. HP: 51/51 MP: 5/5
  3566 | D:4      | Found a stormy altar of Qazlal.
  3591 | D:4      | Found an ornate altar of the Wu Jian Council.
  3594 | D:4      | Found a snail-covered altar of Cheibriados.
  3597 | D:4      | Found a shimmering altar of Xom.
  3600 | D:4      | Found a sparkling altar of Nemelex Xobeh.
  3648 | D:4      | Reached skill level 8 in Maces & Flails
  4257 | D:4      | Found an ancient bone altar of Kikubaaqudgha.
  4259 | D:4      | Noticed Menkaure
  4261 | D:4      | Found a basalt altar of Yredelemnul.
  4273 | D:4      | Found a transporter.
  4318 | D:4      | Killed Menkaure
  4318 | D:4      | Reached skill level 9 in Maces & Flails
  4318 | D:4      | Reached XP level 7. HP: 56/57 MP: 6/6
  4330 | D:4      | Found a transporter.
  4862 | D:5      | Entered Level 5 of the Dungeon
  4954 | D:5      | Noticed Blork the orc
  4972 | D:5      | Killed Blork the orc
  4972 | D:5      | Reached skill level 10 in Maces & Flails
  5154 | D:5      | Noticed Eustachio
  5178 | D:5      | Killed Eustachio
  5200 | D:5      | Found a snail-covered altar of Cheibriados.
  5244 | D:5      | Noticed Sigmund
  5251 | D:5      | Killed Sigmund
  5251 | D:5      | Reached skill level 11 in Maces & Flails
  5251 | D:5      | Reached XP level 8. HP: 63/64 MP: 7/7
  5273 | D:5      | Noticed Edmund
  5280 | D:5      | Killed Edmund
  5383 | D:5      | Found Kunogous's Jewellery Boutique.
  5544 | D:6      | Reached skill level 1 in Evocations
  5546 | D:6      | Found Hutuimeg's Book Boutique.
  5614 | D:6      | Found a sand-covered staircase.
  5643 | Ossuary  | Entered an ossuary
  5726 | Ossuary  | Noticed a flying skull
  5759 | Ossuary  | Noticed a flying skull
  5761 | Ossuary  | Noticed a flying skull
  5985 | Ossuary  | Reached XP level 9. HP: 36/73 MP: 9/9
  6255 | D:6      | Found Xuntuf's Antique Armour Emporium.
  6260 | D:6      | Reached skill level 5 in Shields
  6265 | D:6      | Reached skill level 5 in Armour
  6275 | D:6      | Bought a shimmering buckler for 237 gold pieces
  6285 | D:6      | Identified the +0 buckler of the City {MP+9 SInv} (You
                  | bought it in a shop on level 6 of the Dungeon)
  6421 | D:6      | Found a staircase to the Ecumenical Temple.
  6435 | Temple   | Entered the Ecumenical Temple
  6474 | Temple   | Became a worshipper of Warmaster Okawaru
  6499 | D:6      | Reached skill level 5 in Fighting
  6880 | D:6      | Found Ireemy's Antique Weapon Emporium.
  7004 | D:7      | Found Dehewog's Antique Armour Shop.
  7115 | D:7      | Found a burning altar of Makhleb.
  7115 | D:7      | Found a radiant altar of Vehumet.
  7198 | D:7      | Reached skill level 12 in Maces & Flails
  7324 | D:7      | Reached * piety under Okawaru
  7327 | D:7      | You fall into a shaft and drop 2 floors!
  7721 | D:9      | Found a white marble altar of Elyvilon.
  7740 | D:9      | Reached skill level 1 in Invocations
  8026 | D:8      | Reached ** piety under Okawaru
  8026 | D:8      | Reached XP level 10. HP: 84/84 MP: 11/11
  8137 | D:7      | Noticed Pikel
  8143 | D:7      | Killed Pikel
  8143 | D:7      | Reached skill level 5 in Dodging
  8445 | D:7      | Identified the +4 mace "Diedog" {vamp, Dex+3}
  8744 | D:8      | Reached *** piety under Okawaru
  8906 | D:8      | Found an opulent altar of Gozag.
  9680 | D:9      | Reached **** piety under Okawaru
  9697 | D:9      | Found a sacrificial altar of Ru.
  9963 | D:10     | Entered Level 10 of the Dungeon
 10522 | D:11     | Found a frozen archway.
 10534 | D:11     | Reached XP level 11. HP: 60/97 MP: 12/12
 10548 | D:11     | Found a staircase to the Lair.
 10603 | D:11     | Reached ***** piety under Okawaru
 10660 | D:11     | Noticed Maurice
 10678 | D:11     | Killed Maurice
 10729 | IceCv    | Entered an ice cave
 10772 | IceCv    | Noticed a white ugly thing
 10788 | IceCv    | Killed a white ugly thing
 11316 | D:11     | Noticed a green ugly thing
 11324 | D:11     | Reached skill level 10 in Fighting
 11324 | D:11     | Reached skill level 10 in Shields
 11333 | D:11     | Killed a green ugly thing
 11343 | D:11     | Received a gift from Okawaru
 11373 | D:11     | Identified the -1 pair of boots of the Dragon {+Fly rC+
                  | Str+3 Dex-5} (Okawaru gifted it to you on level 11 of the
                  | Dungeon)
 12055 | D:11     | Noticed Sonja
 12061 | D:11     | Killed Sonja
 12061 | D:11     | Reached skill level 5 in Invocations
 12325 | D:11     | Found a staircase to the Orcish Mines.
 12700 | D:6      | Bought a glowing scarf for 200 gold pieces
 12700 | D:6      | Bought a fine ring mail for 225 gold pieces
 12710 | D:6      | Identified the +1 ring mail of Dyspraxia {Int+2 Dex+2} (You
                  | bought it in a shop on level 6 of the Dungeon)
 12841 | Lair:1   | Entered Level 1 of the Lair of Beasts
 13644 | Lair:1   | Reached XP level 12. HP: 108/108 MP: 15/15
 14488 | Lair:1   | Noticed a six-headed hydra
 14497 | Lair:1   | Killed a six-headed hydra
 15116 | Lair:2   | Noticed a seven-headed hydra
 15128 | Lair:2   | Killed a seven-headed hydra
 15561 | Lair:2   | Received a gift from Okawaru
 15568 | Lair:2   | Found a staircase to the Shoals.
 15836 | Lair:3   | Found a hole to the Spider Nest.
 16336 | Lair:3   | Found a runed translucent door.
 16394 | Lair:3   | Noticed an eight-headed hydra
 16405 | Lair:3   | Killed an eight-headed hydra
 16917 | Lair:4   | Noticed a seven-headed hydra
 16930 | Lair:4   | Killed a seven-headed hydra
 17054 | Lair:4   | Received a gift from Okawaru
 17251 | Lair:4   | Reached XP level 13. HP: 117/119 MP: 17/17
 17343 | Lair:4   | Reached skill level 13 in Maces & Flails
 17922 | Lair:4   | Reached skill level 10 in Armour
 17942 | Lair:4   | Identified the +5 scale mail of Hangman {rElec MR+ Int+2
                  | Dex-3} (Okawaru gifted it to you on level 4 of the Lair of
                  | Beasts)
 18621 | Orc:1    | Entered Level 1 of the Orcish Mines
 18623 | Orc:1    | Noticed a stone giant
 19114 | D:11     | Killed a stone giant
 19471 | Orc:1    | You fall into a shaft and drop 1 floor!
 19471 | Orc:2    | Entered Level 2 of the Orcish Mines
 19512 | Orc:1    | Slain by a two-headed ogre

Levels and vault maps discovered:
D:1:      minmay_arrival_solitary_statue, layout_basic, chequers_garden,
          minmay_pentomino_z2
D:2:      minmay_evil_eye, layout_basic
D:3:      layout_basic
D:4:      layout_cave_pools, gammafunk_temple_of_torment,
          grunt_temple_overflow_cloverleaf, lemuel_crystal_altar, first_ration
D:5:      layout_rooms, basic_altar, serial_shops, kennysheep_little_box,
          corexii_item_surrounded_by_moat, sigmund_edmund_badplayer,
          uniq_eustachio, uniq_blork_the_orc
D:6:      layout_basic, minmay_temple_entry_statues_fountains, serial_shops,
          shop, shop, shop, lightli_ossuary_entry_decrepit_ruins
D:7:      layout_loops_corners, grunt_temple_overflow_lords_of_destruction,
          serial_shops, nicolae_shop_behind_doors, uniq_pikel
D:8:      layout_loops_cross, nicolae_gozag_seed_capital, minmay_mini_ossuary
D:9:      layout_long_grid, overflow_temple_1_default, elyvilon_altar_4
D:10:     layout_roguey
D:11:     layout_basic, due_lair_maze_entry_diamond, hiddenorc1_lemuel,
          portal_ice_cave_entry_ice_beasts, david_nohive_1, uniq_maurice,
          uniq_sonja
Temple:   eino_wide_crystal_templ
Lair:1:   cheibrodos_lair_river_kwai, layout_cave_shapes, special_room
          [special_room_bee]
Lair:2:   layout_cave_pods, minmay_shoals_entry_lonely_mermaid,
          grunt_megastairs_3, serial_bayou_shore_b, lemuel_fruit_tree
Lair:3:   layout_long_grid, nicolae_spider_entry_orb_guardian, pf_torpor_hydra
Lair:4:   layout_layer_cave, chequers_serial_rivers_micro_c, grunt_megastairs_4,
          infiniplex_staircase_pool_2
Orc:1:    layout_caves, nicolae_orc_damp_corner
Orc:2:    st_orc_pillars, layout_caves

Skill      XL: |  1  2  3  4  5  6  7  8  9 10 11 12 13 |
---------------+----------------------------------------+-----
Maces & Flails | 3 4 5 7 9 11 12 13 | 13.1
Dodging        | 1 3 4 6 7 8 9 |  9.0
Fighting       | 4 6 9 10 12 | 12.9
Armour         | 4 6 7 8 9 10 | 10.1
Shields        | 4 7 9 10 12 | 12.2
Evocations     | 2 3 |  3.0
Invocations    | 2 3 5 6 7 |  7.1
Stealth        | |  0.3

Action                   |  1- 3 |  4- 6 |  7- 9 | 10-12 | 13-15 || total
-------------------------+-------+-------+-------+-------+-------++-------
Melee: Flail             |    60 |    29 |       |       |       ||    89
       Headbutt          |     8 |    33 |   106 |   202 |    35 ||   384
       Whip              |       |   161 |   410 |     6 |       ||   577
       Mace              |       |       |       |   777 |   149 ||   926
       Morningstar       |       |       |       |    16 |       ||    16
Invok: Heroism           |       |       |       |     2 |     1 ||     3
  Use: Potion            |     1 |     3 |       |     5 |     5 ||    14
       Scroll            |       |     9 |    10 |     4 |     4 ||    27
  Eat: Chunk             |     1 |     9 |    12 |    17 |     1 ||    40
       Ration            |       |       |       |     4 |     2 ||     6
Armor: Scale mail        |    21 |       |       |       |    43 ||    64
       Ring mail         |     7 |       |       |       |       ||     7
       Chain mail        |       |    73 |   121 |   400 |    44 ||   638
Dodge: Dodged            |    28 |    57 |    96 |   507 |   113 ||   801
Block: Shield            |    29 |    88 |    65 |       |       ||   182
       Buckler           |       |       |    29 |   240 |    57 ||   326
